Map: Cactus Valley LE (Void)

Players

Lucky

  • Race: Protoss Protoss
  • League: Master
  • Spawn Location: 7:00

Railgan - Winner!

  • Race: Zerg Zerg
  • League: Grandmaster
  • Spawn Location: 11:00

VOD

Have the link to the VOD?

Description

Time

  • Played on: March 19, 2017, 2:52 p.m.
  • Length: 11:31
Show
View Real Time Build Order
Export as new Build Order

Lucky Protoss 

Build Orders: 1 Gate Expand, Zealot Archon 

Get SALT Encoding   

  12  0:00  Probe (Chrono Boost)  
  13  0:11  Probe (Chrono Boost)  
  14  0:20  Pylon  
  14  0:22  Probe (Chrono Boost)  
  15  0:38  Probe (Chrono Boost)  
  15  0:41  Gateway  
  16  0:49  Probe (Chrono Boost)  
  17  0:51  Assimilator  
  17  0:59  Probe (Chrono Boost)  
  18  1:10  Probe (Chrono Boost)  
  19  1:23  Nexus  
  20  1:25  Probe (Chrono Boost)  
  20  1:37  Cybernetics Core  
  20  1:39  Probe (Chrono Boost)  
  21  1:44  Assimilator  
  21  1:50  Probe (Chrono Boost)  
  22  1:59  Pylon  
  22  2:00  Probe (Chrono Boost)  
  23  2:15  Warp Gate  
  23  2:17  Adept, Probe (Chrono Boost)  
  26  2:27  Twilight Council  
  26  2:28  Probe (Chrono Boost)  
  27  2:35  Probe (Chrono Boost)  
  28  2:38  Probe (Chrono Boost)  
  29  2:45  Probe (Chrono Boost)  
  29  2:46  Adept  
  29  2:49  Probe (Chrono Boost)  
  29  2:50  Resonating Glaives  
  32  2:56  Probe (Chrono Boost)  
  33  3:00  Probe (Chrono Boost)  
  34  3:07  Probe (Chrono Boost)  
  37  3:14  Mothership Core (Chrono Boost)  
  37  3:15  Adept  
  37  3:17  Probe (Chrono Boost)  
  40  3:21  Pylon  
  40  3:28  Probe (Chrono Boost)  
  40  3:34  Probe (Chrono Boost)  
  42  3:36  Gateway  
  42  3:38  Gateway, Probe (Chrono Boost)  
  43  3:44  Pylon  
  43  3:46  Probe (Chrono Boost)  
  44  3:49  Probe (Chrono Boost)  
  45  3:58  Probe (Chrono Boost)  
  45  3:59  Probe (Chrono Boost)  
  49  4:10  Nexus, Probe x2 (Chrono Boost)  
  49  4:11  Pylon  
  49  4:20  Probe (Chrono Boost)  
  49  4:22  Probe (Chrono Boost)  
  46  4:31  Probe (Chrono Boost)  
  43  4:34  Probe (Chrono Boost)  
  43  4:37  Adept x3  
  45  4:41  Probe (Chrono Boost)  
  47  4:46  Probe (Chrono Boost)  
  47  4:52  Probe (Chrono Boost)  
  48  4:57  Adept  
  48  4:58  Adept  
  52  5:02  Adept  
  52  5:05  Probe (Chrono Boost)  
  56  5:07  Probe (Chrono Boost)  
  56  5:17  Probe (Chrono Boost)  
  56  5:18  Probe (Chrono Boost)  
  56  5:20  Pylon, Adept x2  
  62  5:23  Adept  
  62  5:26  Probe (Chrono Boost)  
  66  5:29  Probe (Chrono Boost)  
  66  5:30  Probe (Chrono Boost)  
  66  5:32  Assimilator  
  67  5:36  Assimilator  
  67  5:37  Probe (Chrono Boost)  
  67  5:42  Probe (Chrono Boost)  
  69  5:43  Pylon  
  69  5:45  Pylon  
  69  5:48  Probe (Chrono Boost)  
  70  5:50  Robotics Facility  
  70  5:51  Probe (Chrono Boost)  
  70  5:56  Probe (Chrono Boost)  
  71  6:01  Probe (Chrono Boost)  
  64  6:14  Adept x3  
  64  6:15  Probe (Chrono Boost)  
  69  6:20  Probe (Chrono Boost)  
  69  6:23  Gateway  
  69  6:24  Gateway, Probe (Chrono Boost)  
  67  6:26  Gateway  
  67  6:28  Probe (Chrono Boost)  
  67  6:30  Probe (Chrono Boost)  
  69  6:34  Probe (Chrono Boost)  
  69  6:35  Warp Prism, Gateway  
  73  6:40  Probe (Chrono Boost)  
  73  6:41  Templar Archives  
  73  6:47  Sentry x2  
  73  6:48  Sentry  
  73  6:50  Probe (Chrono Boost)  
  81  6:55  Probe x2 (Chrono Boost)  
  81  6:56  Pylon  
  82  7:02  Forge  
  83  7:09  Probe x2 (Chrono Boost)  
  83  7:21  Protoss Ground Weapons Level 1  
  83  7:22  Probe (Chrono Boost), High Templar x2  
  88  7:23  Adept  
  88  7:27  Pylon, Immortal  
  88  7:28  Archon  
  88  7:29  Pylon, Probe (Chrono Boost)  
  91  7:35  Photon Cannon  
  95  7:37  Photon Cannon  
  95  7:42  Gateway x2  
  95  7:46  Gateway  
  95  7:51  Adept x3  
  95  7:52  Adept  
  104  8:00  Probe x2 (Chrono Boost)  
  98  8:15  Probe x2 (Chrono Boost)  
  98  8:17  Blink  
  93  8:24  Probe (Chrono Boost)  
  96  8:28  Probe x2 (Chrono Boost)  
  96  8:33  Stalker x4  
  96  8:34  Stalker x2  
  108  8:36  Assimilator  
  108  8:38  Photon Cannon  
  108  8:39  Probe (Chrono Boost)  
  108  8:40  Photon Cannon, Probe (Chrono Boost)  
  110  8:43  Probe (Chrono Boost)  
  111  8:51  Probe (Chrono Boost)  
  111  8:52  Probe (Chrono Boost), Assimilator  
  111  8:53  Assimilator  
  109  9:12  Adept x6  
  104  9:25  Probe (Chrono Boost)  
  104  9:31  Nexus  
  102  9:34  Pylon  
  102  9:38  Pylon x2  
  102  9:43  Pylon  
  102  9:45  Pylon  
  102  9:54  High Templar x3  
  102  9:55  High Templar  
  102  9:57  Stalker x3  
  102  9:59  Archon x2  
  116  10:01  Stalker  
  116  10:06  Photon Cannon  
  118  10:07  Photon Cannon  
  104  10:25  Stalker x5  
  103  10:37  Adept  
  105  10:51  High Templar x2  
  105  10:52  Adept  
  105  10:53  Adept  
  105  10:56  Archon  
  113  11:05  Stalker  
  113  11:06  Stalker x3  
Show
View Real Time Build Order
Export as new Build Order

Railgan Zerg - Winner!

Build Orders: Hatch First, Swarm Host 

Get SALT Encoding   

  12  0:01  Drone  
  13  0:13  Overlord  
  13  0:18  Drone  
  14  0:31  Drone  
  14  0:32  Drone  
  14  0:35  Drone  
  17  0:53  Hatchery  
  17  0:55  Drone  
  17  0:59  Drone  
  18  1:09  Extractor  
  17  1:13  Spawning Pool  
  16  1:18  Drone  
  16  1:20  Drone  
  18  1:28  Drone  
  19  1:43  Overlord  
  19  1:52  Drone  
  20  2:01  Queen  
  20  2:02  Zergling x2  
  20  2:06  Queen  
  20  2:07  Drone  
  26  2:12  Drone  
  26  2:14  Metabolic Boost  
  27  2:22  Drone x2  
  29  2:26  Drone  
  30  2:33  Drone  
  31  2:38  Drone, Queen  
  31  2:42  Evolution Chamber  
  33  2:50  Overlord  
  33  2:51  Drone  
  36  3:00  Overlord  
  36  3:04  Drone  
  35  3:10  Zergling x10  
  35  3:12  Zerg Melee Weapons Level 1  
  40  3:15  Drone x2  
  40  3:18  Drone  
  43  3:22  Overlord  
  43  3:28  Drone  
  43  3:29  Drone  
  43  3:33  Drone  
  46  3:39  Lair  
  46  3:46  Drone x2  
  46  3:47  Drone  
  48  3:48  Overlord  
  48  3:49  Extractor  
  48  3:50  Extractor  
  48  3:52  Zergling x2  
  48  3:53  Zergling x4  
  49  4:00  Zergling x2  
  49  4:01  Zergling x4  
  51  4:05  Zergling x2  
  52  4:11  Queen  
  52  4:12  Zergling x2  
  55  4:21  Drone  
  55  4:22  Drone x3  
  55  4:23  Drone  
  58  4:24  Overlord  
  58  4:27  Drone  
  58  4:31  Drone x2  
  52  4:41  Drone x2  
  51  4:53  Drone  
  51  4:54  Drone  
  51  4:57  Infestation Pit, Drone  
  51  4:59  Extractor  
  52  5:00  Baneling Nest  
  52  5:02  Zergling x6  
  52  5:05  Drone  
  55  5:12  Zergling x2  
  55  5:13  Zergling x4  
  58  5:16  Drone  
  58  5:19  Zerg Melee Weapons Level 2  
  59  5:24  Drone  
  59  5:26  Zergling x2  
  59  5:27  Drone  
  59  5:28  Drone  
  63  5:29  Drone x2  
  62  5:43  Hatchery  
  61  5:50  Baneling x2  
  61  5:53  Drone x4  
  61  5:55  Drone  
  66  5:57  Baneling x3  
  66  6:03  Zergling x8  
  70  6:06  Zergling x2  
  70  6:08  Zergling x2  
  70  6:09  Zergling x4  
  65  6:18  Zergling x2  
  65  6:19  Zergling x2  
  63  6:25  Drone  
  63  6:26  Drone x2  
  63  6:31  Baneling x2  
  63  6:32  Baneling  
  65  6:39  Swarm Host x3  
  74  6:40  Overlord x2  
  74  6:41  Overlord  
  74  6:42  Baneling x5  
  74  6:47  Zergling x2  
  75  6:58  Overlord  
  75  7:01  Overlord  
  75  7:02  Swarm Host  
  75  7:03  Swarm Host x3  
  81  7:09  Swarm Host x3  
  81  7:11  Drone  
  91  7:15  Drone x2  
  91  7:20  Drone x3  
  95  7:28  Swarm Host  
  95  7:29  Swarm Host  
  101  7:35  Swarm Host  
  101  7:36  Swarm Host  
  107  7:38  Drone x2  
  107  7:39  Drone  
  107  7:43  Zergling x4  
  112  7:46  Zergling x2  
  112  7:47  Zergling x2  
  114  7:51  Swarm Host x2  
  114  7:56  Overlord  
  120  7:59  Zergling x2  
  120  8:01  Baneling  
  121  8:05  Zergling x2  
  121  8:08  Zergling x2  
  121  8:12  Zergling x2  
  115  8:19  Drone x7  
  120  8:25  Drone  
  121  8:28  Zergling x2  
  121  8:29  Zergling x4  
  124  8:39  Baneling  
  124  8:40  Baneling x10, Zergling x2  
  124  8:41  Zergling x4  
  127  8:42  Zerg Missile Weapons Level 1  
  127  8:46  Extractor x2  
  125  8:51  Zergling x6  
  125  8:54  Overlord  
  129  8:55  Zergling x2  
  129  8:57  Baneling x3  
  129  8:58  Hatchery  
  128  9:04  Zergling x2  
  128  9:05  Zergling x2  
  126  9:27  Zergling x2  
  126  9:29  Swarm Host  
  126  9:30  Swarm Host x2  
  136  9:32  Drone  
  136  9:33  Drone  
  136  9:34  Overlord  
  136  9:35  Overlord  
  136  9:38  Overlord x2  
  138  9:39  Spore Crawler  
  138  9:41  Overlord x2  
  138  9:42  Centrifical Hooks  
  138  9:44  Overlord  
  137  9:47  Zergling x2  
  137  9:49  Baneling x5  
  138  9:55  Zergling x4  
  140  10:05  Zergling x12  
  143  10:15  Swarm Host  
  143  10:16  Swarm Host x2  
  142  10:29  Swarm Host x4  
  154  10:38  Zergling x2  
  154  10:40  Baneling, Zergling x2  
  154  10:41  Baneling x6  
  156  10:49  Zergling x2  
  157  10:50  Zergling x4  
  157  10:52  Infestor  
  161  11:03  Zergling x2  
Tags
 
Add a new tag
Caveats
  • Supply blocks, unpowered buildings, or Contaminate may cause inaccurate times.
  • Supply counts are checked every 10 seconds.